 Dungeon Crawl Stone Soup version 0.29-a0-878-g7b45a56547 (webtiles) character file.

Game seed: 17404496913980736415

102 porpoise the Ruffian (level 4, -7/37 HPs)
             Began as a Draconian Transmuter on July 20, 2022.
             Killed by divine providence
             ... invoked by an orc priest
              (14 damage)
             ... on level 3 of the Dungeon.
             The game lasted 00:05:55 (2325 turns).

porpoise the Ruffian (Draconian Transmuter)         Turns: 2325, Time: 00:05:56

Health: -7/37      AC: 10    Str: 15    XL:     4   Next: 50%
Magic:  7/7        EV: 12    Int: 13    God:
Gold:   62         SH:  0    Dex: 11    Spells: 6/7 levels left

rFire   . . .      SeeInvis .     - Unarmed
rCold   . . .      Faith    .   (no shield)
rNeg    . . .      Spirit   .   (body armour unavailable)
rPois   .          Reflect  .   (helmet restricted)
rElec   .          Harm     .   c - +0 cloak
rCorr   .          Rampage  .   (no gloves)
Will    .....                   (no boots)
Stlth   +.........              (no amulet)
HPRegen 0.12/turn               l - +4 ring of protection
MPRegen 0.10/turn               (no ring)

@: invisible
A: AC +5, unfitting armour, cold-blooded
a: no special abilities


You were on level 3 of the Dungeon.
You visited 1 branch of the dungeon, and saw 3 of its levels.

You collected 62 gold pieces.

Inventory:

Missiles
 d - 3 curare-tipped darts
Armour
 c - a +0 cloak (worn)
Jewellery
 l - a +4 ring of protection (left hand)
Scrolls
 e - a scroll of summoning {unknown}
 h - a scroll of acquirement {unknown}
 i - a scroll of vulnerability {unknown}
 n - a scroll of blinking {unknown}
Potions
 a - a potion of lignification
 f - a potion of invisibility
 g - a potion of heal wounds {unknown}
 j - a potion of haste {unknown}
 k - a potion of might {unknown}
 m - a potion of flight {unknown}


   Skills:
 + Level 2.8 Fighting
 - Level 1.7 Dodging
 * Level 4.7 Unarmed Combat
 - Level 2.0 Spellcasting
 - Level 2.0 Transmutations


You had 6 spell levels left.
You knew the following spells:

 Your Spells              Type           Power      Damage    Failure   Level
a - Beastly Appendage     Tmut           12%        N/A       11%         1

Your spell library contained the following spells:

 Spells                   Type           Power      Damage    Failure   Level
 Wereblood                Tmut           6%         N/A       17%         2
 Sublimation of Blood     Necr           1%         N/A       36%         2
 Spider Form              Tmut/Pois      3%         N/A       45%         3
 Ice Form                 Ice/Tmut       3%         N/A       86%         4
 Summon Hydra             Summ           0%         N/A       100%        7


Dungeon Overview and Level Annotations

Branches:
Dungeon (3/15)

Altars:

Shops:
D:1 !


Innate Abilities, Weirdness & Mutations

Your plain brown scales are hard. (AC +5)
You cannot fit into any form of body armour.
You are cold-blooded and may be slowed by cold attacks.


Message History

You barely miss the orc priest.
You tail-slap the orc priest, but do no damage.
The quokka closely misses you.
The orc priest miscasts a cantrip.
The frilled lizard bites you.
You hit the orc priest but do no damage.
The quokka misses you.
You punch the orc priest!
The orc priest is heavily wounded.
The orc priest hits you but does no damage.
The frilled lizard bites you but does no damage.
The quokka twitches its whiskers.
The quokka bites you but does no damage.
You barely miss the orc priest.
You tail-slap the orc priest, but do no damage.
The orc priest is heavily wounded.
The orc priest hits you with a +0 war axe!
* * * LOW HITPOINT WARNING * * *
The frilled lizard barely misses you. The quokka barely misses you.
You hit the orc priest.
The orc priest is almost dead.
The quokka bites you but does no damage.
The orc priest hits you with a +0 war axe.
* * * LOW HITPOINT WARNING * * *
The frilled lizard bites you but does no damage.
It was a potion of invisibility.
You fade into invisibility!
The quokka barely misses you. The orc priest misses you.
The frilled lizard closely misses you. The quokka barely misses you.
Okay, then.
Unknown command.
An orc comes into view. It is wielding a +0 flail.
You closely miss the frilled lizard. You tail-slap the frilled lizard.
You kill the frilled lizard!
You hit the quokka.
The quokka is moderately wounded.
The quokka closely misses you.
The orc priest mumbles some strange prayers to Beogh against you.
Beogh smites you!
You die...

o# ....##. .#....
.....# #. ..# # #.
#.# ..
##.##.####.#
##.....o....#..
#...@r.>....$#
...............>.#
.#..........[....#
##..............#
#...............
#.>.............
##............#.
##..........##


You could see an orc priest (unable to see you) and a quokka (unable to see
you).

Vanquished Creatures
  An orc wizard (D:2)
  3 dart slugs
  4 orcs
  4 endoplasms
  A giant cockroach (D:2)
  6 goblins
  8 hobgoblins
  4 jackals
  3 quokkas (D:2)
  4 ball pythons
  4 bats
  7 frilled lizards
  7 kobolds
  9 rats
65 creatures vanquished.

Notes
Turn   | Place    | Note
-------+----------+-------------------------------------------
     0 | D:1      | porpoise the Draconian Transmuter began the quest for the
                  | Orb.
     0 | D:1      | Reached XP level 1. HP: 16/16 MP: 3/3
   113 | D:1      | Found a faded altar of an unknown god.
   145 | D:1      | Reached XP level 2. HP: 23/23 MP: 5/5
   318 | D:1      | Found Jeghuddo's Distillery.
   862 | D:1      | Reached XP level 3. HP: 29/29 MP: 6/6
  1240 | D:2      | Reached skill level 4 in Unarmed Combat
  1669 | D:2      | Reached XP level 4. HP: 31/37 MP: 7/7
  2325 | D:3      | Killed from afar by an orc priest

Illustrated notes

Levels and vault maps discovered:
D:1:      kilobyte_arrival_exit_the_forest, layout_loops_ring, serial_shops,
          nicolae_shop_statue_plus, dreamdust_ecumenical_altar_grove
D:2:      layout_basic
D:3:      kennysheep_goblin_castle, layout_rooms, nicolae_gozag_seed_capital,
          cheibrodos_sewer_entry_drain, kennysheep_generic_room_3

Skill      XL: |  1  2  3 |
---------------+----------+-----
Fighting       | 2 |  2.8
Unarmed Combat | 4 |  4.7
Dodging        | |  1.7
Spellcasting   | |  2.0
Transmutations | |  2.0

Action                   |  1- 3 |  4- 6 || total
-------------------------+-------+-------++-------
Melee: Unarmed           |   162 |    69 ||   231
       Tailslap          |    17 |     6 ||    23
       Punch             |     5 |     3 ||     8
  Use: Scroll            |       |     1 ||     1
       Potion            |       |     1 ||     1
Armor: Skin              |    47 |    30 ||    77
Dodge: Dodged            |    89 |    54 ||   143

Table legend: (Time is in decaauts)
 A = Elapsed time spent in this place.
 B = Non-inter-level travel time spent in this place.
 C = Inter-level travel time spent in this place.
 D = Time resting spent in this place.
 E = Time spent auto-exploring this place.
 F = Levels seen in this place.
 G = Mean time per level.
                   A        B        C        D        E       F      G
               +--------+--------+--------+--------+--------+-----+--------+
         Total |   2315 |   2245 |     70 |    421 |   1242 |   3 |  771.7 |
       Dungeon |   2315 |   2245 |     70 |    421 |   1242 |   3 |  771.7 |
               +--------+--------+--------+--------+--------+-----+--------+

Top non-repeatable levels by time:
     D:1: 1201 daAuts
     D:2: 1032 daAuts
     D:3: 80 daAuts
